 Dungeon Crawl Stone Soup version 0.22-a0-410-g97be04f (webtiles) character file.

196 Mgcat the Skirmisher (level 5, -3/43 HPs)
             Began as a Mummy Fighter on May 11, 2018.
             Slain by an orc
             ... wielding a +0 trident
              (9 damage)
             ... on level 4 of the Dungeon.
             The game lasted 00:04:42 (2379 turns).

Mgcat the Skirmisher (Mummy Fighter)                Turns: 2379, Time: 00:04:43

Health: -3/43      AC:  8    Str: 21    XL:     5   Next: 46%
Magic:  5/5        EV:  9    Int:  7    God:
Gold:   182        SH:  0    Dex: 11    Spells: 4/4 levels left

rFire    x . .     SeeInvis .   a - +0 flail
rCold    + . .     Gourm    .   (no shield)
rNeg     + + +     Faith    .   b - +0 scale mail
rPois    ∞         Spirit   .   (no helmet)
rElec    .         Reflect  .   (no cloak)
rCorr    .         Harm     .   j - +1 pair of gloves
MR       .....                  (no boots)
Stlth    ..........             (no amulet)
HPRegen  0.14/turn              (no ring)
MPRegen  0.09/turn              (no ring)

@: no status effects
A: no food or potions, fire vulnerability, cold resistance 1, negative energy
resistance 3, torment resistance, unbreathing
a: no special abilities


You were on level 4 of the Dungeon.
You were not hungry.

You visited 1 branch of the dungeon, and saw 4 of its levels.

You collected 182 gold pieces.

Inventory:

Hand Weapons
 a - a +0 flail (weapon)
Missiles
 l - a throwing net {=f, !d}
Armour
 b - a +0 scale mail (worn)
 c - a +0 shield
 j - a +1 pair of gloves (worn)
   (You found it on level 3 of the Dungeon)
Scrolls
 d - a scroll of blinking {unknown}
 e - 3 scrolls of fog
 f - 3 scrolls of teleportation
 g - 3 scrolls of remove curse
 i - a scroll of amnesia
 m - a scroll of fear
 n - a scroll of magic mapping {!r}


   Skills:
 + Level 4.8 Fighting
 + Level 3.5 Maces & Flails
 - Level 2.4 Armour
 - Level 2.4 Shields


You had 4 spell levels left.
You didn't know any spells.

Dungeon Overview and Level Annotations

Branches:
Dungeon (4/15)
 Temple: D:4-7

Altars:


Innate Abilities, Weirdness & Mutations

You do not eat or drink.
Your flesh is vulnerable to fire.
You are immune to poison.
Your flesh is cold resistant. (rC+)
You are immune to negative energy. (rN+++)
You are immune to unholy pain and torment.
You can survive without breathing.


Message History

It is a scroll of identify.
g - 3 scrolls of remove curse
As you read the scroll of identify, it crumbles to dust.
f - 3 scrolls of teleportation
As you read the scroll of identify, it crumbles to dust.
m - a scroll of fear
As you read the scroll of identify, it crumbles to dust.
k - a scroll of random uselessness
As you read the scroll of identify, it crumbles to dust.
i - a scroll of amnesia
As you read the scroll of identify, it crumbles to dust.
n - a scroll of magic mapping
As you read the scroll of identify, it crumbles to dust.
h - a scroll of enchant armour
Okay, then.
Drop what? 13/52 slots (_ for help) (? for menu, Esc to quit)
You drop a scroll of random uselessness.
As you read the scroll of enchant armour, it crumbles to dust.
Your +0 pair of gloves glows green for a moment.
Okay, then.
Unknown command.
Unknown command.
Unknown command.
d - a scroll labeled PEBLAE ANENNE
There is a stone staircase leading up here.
You see here a scroll of random uselessness.
A hound skeleton comes into view.
The hound skeleton bites you but does no damage.
You sock the hound skeleton!
The hound skeleton is heavily damaged.
The hound skeleton misses you. The hound skeleton barely misses you.
You hit the hound skeleton but do no damage.
The hound skeleton is heavily damaged.
The hound skeleton closely misses you.
The hound skeleton bites you but does no damage.
You hit the hound skeleton.
The hound skeleton is heavily damaged.
The hound skeleton bites you but does no damage.
You hit the hound skeleton.
The hound skeleton is severely damaged.
The hound skeleton bites you but does no damage.
The hound skeleton closely misses you.
Your scale mail prevents you from hitting the hound skeleton.
The hound skeleton is severely damaged.
The hound skeleton bites you but does no damage.
The hound skeleton bites you.
Your scale mail prevents you from hitting the hound skeleton.
The hound skeleton is severely damaged.
The hound skeleton barely misses you.
You closely miss the hound skeleton.
The hound skeleton is severely damaged.
The hound skeleton closely misses you. The hound skeleton barely misses you.
You hit the hound skeleton but do no damage.
The hound skeleton is severely damaged.
The hound skeleton closely misses you.
You barely miss the hound skeleton.
The hound skeleton is severely damaged.
The hound skeleton bites you but does no damage.
The hound skeleton bites you.
You thump the hound skeleton!
You destroy the hound skeleton!
No target in view!
No target in view!
No target in view!
You now have 182 gold pieces (gained 16).
An orc comes into view. It is wielding a flail.
The orc shouts!
You hear a shout!
You see here 4 gold pieces.
An orc wizard comes into view. It is wielding a dagger.
The orc wizard shouts!
The orc wizard moves out of view.
An orc comes into view. It is wielding a trident.
The orc hits you but does no damage.
The orc moves out of view.
An orc and an orc priest come into view.
The orc shouts!
You hit the orc.
The orc is heavily wounded.
The orc priest moves out of view.
The orc hits you with a flail.
You hit the orc.
The orc is heavily wounded.
You sock the orc!
You kill the orc!
The orc wizard points at you and mumbles some strange words.
The puff of flame hits you! The fire burns you terribly!
The orc wizard points at you and mumbles some strange words.
The puff of flame hits you! The fire burns you terribly!
You see here 4 gold pieces.
A worker ant comes into view.
The worker ant twitches its antennae in your direction.
The orc priest looks satisfied for a moment.
The orc priest calls down the wrath of Beogh upon you.
Beogh smites you! The orc wizard barely misses you.
You sock the orc wizard!
The orc wizard is heavily wounded.
The orc wizard gestures at you while chanting.
The puff of flame hits you! The fire burns you terribly!
* * * LOW HITPOINT WARNING * * *
The orc hits you from afar with a trident!
You die...

#..##### #..#...####
#.........### #............
####............
####...............
####.....##...........
##...o.#####...........
....$..)....aoo@............
..#....###..o#####..........
###...?....# #..........
##........# ##.........
#........# #(.......
..........# .. ..........# .
.........##


You could see a worker ant, an orc priest, an orc wizard and 2 orcs.

Vanquished Creatures
  An orc priest (D:2)
  An orc wizard (D:2)
  A hound skeleton (D:4)
  4 gnolls
  An adder (D:3)
  An ooze (D:2)
  3 leopard geckos
  8 orcs
  A giant cockroach (D:3)
  10 goblins
  8 hobgoblins
  7 jackals
  6 frilled lizards
  6 kobolds
  8 rats
66 creatures vanquished.

Notes
Turn   | Place    | Note
-------+----------+-------------------------------------------
     0 | D:1      | Mgcat the Mummy Fighter began the quest for the Orb.
     0 | D:1      | Reached XP level 1. HP: 18/18 MP: 1/1
   134 | D:1      | Reached skill level 2 in Maces & Flails
   134 | D:1      | Reached XP level 2. HP: 18/24 MP: 2/2
   617 | D:2      | Reached XP level 3. HP: 21/29 MP: 3/3
   788 | D:2      | Reached skill level 4 in Fighting
   788 | D:2      | Reached XP level 4. HP: 13/37 MP: 4/4
   799 | D:2      | Reached skill level 3 in Maces & Flails
  1630 | D:2      | HP: 8/38 [hobgoblin (2)]
  1886 | D:2      | Reached XP level 5. HP: 41/43 MP: 5/5
  2379 | D:4      | HP: 6/43 [orc wizard/puff of flame (10)]
  2379 | D:4      | Slain by an orc

Vault maps used:
D:1:      minmay_arrival_four_circles
D:2:      cheibrodos_pilgrimage, minivault_24, minmay_misc_feat_columns,
          minmay_circled_x
D:4:      minitemple, first_ration

Skill      XL: |  1  2  3  4 |
---------------+-------------+-----
Maces & Flails | 2 3 |  3.5
Fighting       | 4 |  4.8
Armour         | |  2.4
Shields        | |  2.4

Action                   |  1- 3 |  4- 6 || total
-------------------------+-------+-------++-------
Melee: Flail             |   135 |   116 ||   251
  Use: Scroll            |       |     9 ||     9
Armor: Scale mail        |    87 |    62 ||   149
Dodge: Dodged            |    84 |    83 ||   167

Table legend:
 A = Spawn XP
 B = Non-spawn XP
 C = Spawn XP percentage of total XP
 D = Spawn monster count
 E = Non-spawn monster count
 F = Spawn count percentage of total count
 G = Total turns spent on level
                    A         B        C        D         E        F      G
               +---------+---------+-------+---------+---------+-------+---------
         Total |       0 |     281 |   0.0 |       0 |      66 |   0.0 |  2379
               +---------+---------+-------+---------+---------+-------+---------
           D:1 |       0 |      41 |   0.0 |       0 |      17 |   0.0 |  1134
           D:2 |       0 |     167 |   0.0 |       0 |      31 |   0.0 |   783
           D:3 |       0 |      51 |   0.0 |       0 |      16 |   0.0 |   364
           D:4 |       0 |      22 |   0.0 |       0 |       2 |   0.0 |    98
               +---------+---------+-------+---------+---------+-------+---------

Vault maps used:
D:1:      minmay_arrival_four_circles
D:2:      cheibrodos_pilgrimage, minivault_24, minmay_misc_feat_columns,
          minmay_circled_x
D:4:      minitemple, first_ration

Table legend:
 A = Turns spent in this place as a percentage of turns spent in the entire game.
 B = Non-inter-level travel turns spent in this place as a percentage of non-inter-level travel turns spent in the entire game.
 C = Inter-level travel turns spent in this place as a percentage of turns spent in this place.
 D = Turns resting spent in this place as a percentage of non-inter-level travel turns spent in this place.
 E = Turns spent auto-exploring this place as a percentage of non-inter-level travel turns spent in this place.
 F = Non-inter-level travel turns spent in this place divided by the number of levels of this place that you've seen.
                   A       B       C       D       E      F
               +-------+-------+-------+-------+-------+----------------------
         Total | 100.0 | 100.0 |   3.9 |  18.6 |  58.5 | 571.8
       Dungeon | 100.0 | 100.0 |   3.9 |  18.6 |  58.5 | 571.8
               +-------+-------+-------+-------+-------+----------------------

Table legend:
 A = Kills in this place as a percentage of kills in entire the game.
 B = Kills by you in this place as a percentage of kills by you in the entire game.
 C = Kills by friends in this place as a percentage of kills by friends in the entire game.
 D = Other kills in this place as a percentage of other kills in the entire game.
 E = Experience gained in this place as a percentage of experience gained in the entire game.
 F = Experience gained in this place divided by the number of levels of this place that you have seen.
                   A       B       C       D       E      F
               +-------+-------+-------+-------+-------+----------------------
         Total | 100.0 | 100.0 |   N/A |   N/A | 100.0 |  70.2
       Dungeon | 100.0 | 100.0 |   N/A |   N/A | 100.0 |  70.2
               +-------+-------+-------+-------+-------+----------------------
